 Dungeon Crawl Stone Soup version 0.30-a0-737-gf23d94013f (webtiles) character file.

Game seed: 1713874642163539314

12774 retardedninja the Basher (level 11, -2/72 HPs)
             Began as a Gargoyle Fighter on Feb 1, 2023.
             Was an Initiate of Gozag.
             Killed from afar by a gargoyle (28 damage)
             ... with a stone arrow
             ... on level 12 of the Dungeon.
             The game lasted 00:17:44 (13702 turns).

retardedninja the Basher (Gargoyle Fighter)        Turns: 13702, Time: 00:17:44

Health: -2/72      AC: 31    Str: 24    XL:     11   Next: 98%
Magic:  0/11       EV:  7    Int:  9    God:    Gozag
Gold:   1370       SH: 15    Dex:  5    Spells: 10/10 levels left

rFire   + . .      SeeInvis +    h - +2 flail (drain)
rCold   + . .      Faith    .    D - +2 tower shield
rNeg    + + .      Spirit   +    c - +7 Kryia's mail coat {PotionHeal*2 rC+}
rPois   ∞          Reflect  .    o - +2 helmet {SInv}
rElec   +          Harm     +    l - +2 cloak
rCorr   .          Rampage  .    w - +2 pair of gloves "Gyofer" {Harm *Corrode Will+++ Stlth+}
Will    +++..                    p - +0 pair of boots Stlth
                                 g - amulet "Dosag" {Spirit +Blink rN+ Dex-4 SInv}
HPRegen 0.32/turn                n - ring of protection from fire
MPRegen 0.12/turn                (no ring)

@: corroded, studying Axes
A: sickness immunity, AC +8, negative energy resistance 1, electricity
resistance, torment resistance 1, petrification resistance
a: Renounce Religion, Evoke Blink, Potion Petition, Call Merchant, Bribe Branch


You were on level 12 of the Dungeon.
You worshipped Gozag.
Gozag was most pleased with you.
You visited 2 branches of the dungeon, and saw 13 of its levels.

You collected 1781 gold pieces.
You spent 291 gold pieces at shops.
You paid 120 gold pieces to Gozag.

Inventory:

Hand Weapons
 h - a +2 flail of draining (weapon)
Missiles
 E - a throwing net (quivered)
Armour
 c - the +7 Kryia's mail coat (worn) {PotionHeal*2 rC+}
   (You found it on level 10 of the Dungeon)

   PotionHeal*2: Potions heal its wearer twice as much.
   rC:        It protects you from cold.
 l - a +2 cloak (worn)
 o - a +2 helmet of see invisible (worn)
 p - a +0 pair of boots (worn)
 w - the +2 pair of gloves "Gyofer" (worn) {Harm *Corrode Will+++ Stlth+}
   (You found it on level 8 of the Dungeon)

   *Corrode:  It may corrode you when you take damage.
   Harm:      It increases damage dealt and taken.
   Will:      It greatly increases your willpower.
   Stlth:     It makes you more stealthy.
 D - a +2 tower shield (worn)
Jewellery
 g - the amulet "Dosag" (around neck) {Spirit +Blink rN+ Dex-4 SInv}
   (You acquired it on level 4 of the Dungeon)

   [amulet of guardian spirit]

   It causes incoming damage to be divided between your reserves of health and
   magic.
   Dex:       It affects your dexterity (-4).
   rN:        It protects you from negative energy.
   SInv:      It lets you see invisible.
   +Blink:    It lets you blink.
 n - a ring of protection from fire (left hand)
 F - a ring of see invisible
 H - a ring of resist corrosion
Wands
 t - a wand of iceblast (5)
 x - a wand of acid (10)
 y - a wand of paralysis (7)
 A - a wand of flame (10)
Scrolls
 f - 3 scrolls of teleportation
 i - a scroll of poison
 j - a scroll of vulnerability
 k - 2 scrolls of fog
 q - 3 scrolls of immolation
 r - 6 scrolls of identify
 u - 2 scrolls of magic mapping
 v - 3 scrolls of fear {unknown}
 z - a scroll of butterflies {unknown}
 B - a scroll of amnesia {unknown}
 C - a scroll of blinking {unknown}
Potions
 a - 2 potions of mutation
 b - a potion of invisibility {unknown}
 d - a potion of flight
 e - 2 potions of ambrosia
 m - 4 potions of brilliance
 s - 3 potions of resistance
 I - a potion of might


   Skills:
 + Level 9.9 Fighting
 * Level 12.1 Maces & Flails
 + Level 9.9 Armour
 + Level 9.9 Shields


You had 10 spell levels left.
You didn't know any spells.
Your spell library contained the following spells:

 Spells                   Type           Power      Damage    Failure   Level
 Freeze                   Ice            0%         1d3       99%         1
 Magic Dart               Conj           0%         1d3       99%         1
 Blink                    Tloc           0%         N/A       100%        2
 Call Imp                 Summ           0%         N/A       100%        2
 Frozen Ramparts          Ice            0%         1d1       100%        3
 Hailstorm                Conj/Ice       0%         3d3       100%        3
 Mephitic Cloud           Conj/Pois/Air  0%         N/A       100%        3
 Stone Arrow              Conj/Erth      0%         3d7       100%        3
 Vhi's Electric Charge    Tloc/Air       0%         N/A       100%        3
 Animate Armour           Summ/Erth      0%         N/A       100%        4
 Dispel Undead            Necr           0%         3d6       100%        4
 Manifold Assault         Tloc           0%         N/A       100%        4
 Passage of Golubria      Tloc           0%         N/A       100%        4
 Arcjolt                  Conj/Air       0%         1d10      100%        5
 Silence                  Hex/Air        0%         N/A       100%        5
 Death Channel            Necr           0%         N/A       100%        6
 Storm Form               Tmut/Air       0%         N/A       100%        7
 Lehudib's Crystal Spear  Conj/Erth      0%         10d2      100%        8
 Maxwell's Capacitive Co  Air            0%         ∞         100%        8
 Cigotuvi's Dreadful Rot  Necr/Pois/Air  Unusable   N/A       N/A         2

Dungeon Overview and Level Annotations

Branches:
Dungeon (12/15)            Temple (1/1) D:7            Lair (0/5) D:9
    Orc (0/2) D:9

Altars:
Ashenzari
Cheibriados
Dithmenos
Elyvilon
Fedhas
Gozag
Hepliaklqana
Kikubaaqudgha
Makhleb
Nemelex Xobeh
Okawaru
Qazlal
Ru
Sif Muna
Trog
Uskayaw
Vehumet
Wu Jian
Xom
Yredelemnul
Zin
The Shining One

Shops:
D:9 [   D:11 :

Portals:
Trove: D:11 (give +3 storm dragon scales)

Annotations:
D:10 2 transporters, bakla's ghost, novice DsAr
D:11 6 transporters


Innate Abilities, Weirdness & Mutations

You are immune to sickness and miasma.
Your stone body is resilient. (AC +8)
You are immune to poison.
You resist negative energy. (rN+)
You are resistant to electric shocks. (rElec)
You are resistant to unholy torment.
You are immune to petrification.


Message History

You barely miss the gargoyle.
The gargoyle is lightly damaged.
You block the gargoyle's attack.
You barely miss the gargoyle.
The gargoyle is lightly damaged.
You block the gargoyle's attack.
You hit the gargoyle.
The gargoyle is moderately damaged.
The gargoyle barely misses you.
You sock the gargoyle!
The gargoyle is heavily damaged.
The gargoyle hits you with a +0 flail.
Your corrosive artefact corrodes you!
You hit the gargoyle.
The gargoyle is severely damaged.
The gargoyle hurls a stone arrow at you.
You block the stone arrow.
You completely miss the gargoyle.
The gargoyle is severely damaged.
You block the gargoyle's attack.
You hit the gargoyle but do no damage.
The gargoyle is severely damaged.
The gargoyle hurls a stone arrow at you.
The stone arrow hits you!
* * * LOW HITPOINT WARNING * * *
The gargoyle hits you with a +0 flail!
* * * LOW HITPOINT WARNING * * *
You hit the gargoyle but do no damage.
The gargoyle is severely damaged.
You block the gargoyle's attack.
The +7 Kryia's mail coat enhances the healing.
You feel better.
The gargoyle hurls a stone arrow at you.
The stone arrow hits you!
* * * LOW HITPOINT WARNING * * *
The +7 Kryia's mail coat enhances the healing.
You feel better.
The gargoyle hurls a stone arrow at you.
The stone arrow hits you!!
You die...
Your body crumbles into a pile of gold.

................####.#
...............#
##.###........<..# #.
#................# #.#
#..###..#).....#.####.##
##..###..##....##........
#......$.##..#########.#.
#.###.?..##..# #.#.
#...@##..# #...
#..#9##..# #...
.....$.##..#########...
.....^...##............#.
..........#.##########...
##........ ......#.
##.......# #######.
##.....## #. ####.


You could see a gargoyle.

Vanquished Creatures
  2 two-headed ogres
  A centaur warrior (D:12)
  Amaemon (D:7)
  2 slime creatures (D:12)
  Maurice (D:8)
  Maggie (D:8)
  2 gargoyles (D:12)
  2 komodo dragons
  An orange demon (D:8)
  A guardian mummy (D:11)
  3 trolls
  Prince Ribbit (D:7)
  3 wyverns
  12 yaks
  6 vampire mosquitoes
  2 water moccasins
  2 acid dragons
  An orc warrior (D:8)
  An ice beast (D:7)
  A sky beast (D:6)
  A black bear (D:8)
  5 centaurs
  4 bullfrogs
  2 necrophages (D:5)
  2 gnoll sergeants
  2 scorpions
  15 killer bees
  8 howler monkeys
  4 crimson imps (D:3)
  6 orc priests
  4 hounds
  3 jellies
  4 iguanas
  13 orc wizards
  Robin (D:2)
  2 howler monkey zombies (D:8)
  5 adders
  8 gnolls
  A shadow imp (D:7)
  2 white imps
  2 dart slugs
  34 orcs
  6 ball pythons
  8 bats
  6 endoplasms
  A giant cockroach (D:3)
  19 goblins
  8 hobgoblins
  6 jackals
  4 kobolds
  5 quokkas
  11 rats
248 creatures vanquished.

Vanquished Creatures (others)
  7 plants (D:5)
7 creatures vanquished.

Grand Total: 255 creatures vanquished

Notes
Turn   | Place    | Note
-------+----------+-------------------------------------------
     0 | D:1      | retardedninja the Gargoyle Fighter began the quest for the
                  | Orb.
     0 | D:1      | Reached XP level 1. HP: 14/14 MP: 1/1
   175 | D:1      | Reached XP level 2. HP: 14/19 MP: 2/2
   846 | D:1      | Reached XP level 3. HP: 22/23 MP: 3/3
   984 | D:2      | Noticed Robin
  1186 | D:2      | Killed Robin
  1242 | D:2      | Reached XP level 4. HP: 29/29 MP: 4/4
  1421 | D:2      | Reached skill level 3 in Maces & Flails
  1941 | D:3      | Found a faded altar of an unknown god.
  2282 | D:3      | Reached XP level 5. HP: 13/33 MP: 5/5
  2684 | D:3      | Found a shimmering altar of Xom.
  2766 | D:3      | Reached XP level 6. HP: 39/39 MP: 6/6
  2797 | D:3      | Reached skill level 4 in Maces & Flails
  3742 | D:4      | Reached XP level 7. HP: 41/44 MP: 7/7
  4134 | D:4      | Identified a scroll of acquirement
  4134 | D:4      | Acquired the amulet "Dosag" {Spirit +Blink rN+ Dex-4 SInv}
  4157 | D:5      | Entered Level 5 of the Dungeon
  4297 | D:5      | Reached skill level 5 in Maces & Flails
  4297 | D:5      | Reached skill level 5 in Armour
  4323 | D:5      | Reached skill level 5 in Fighting
  4323 | D:5      | Reached skill level 5 in Shields
  4331 | D:5      | Found a hazy altar of Hepliaklqana.
  4803 | D:5      | Reached XP level 8. HP: 43/50 MP: 8/8
  5065 | D:5      | Reached skill level 6 in Maces & Flails
  5138 | D:6      | Found a bloodstained altar of Trog.
  6310 | D:7      | Found a staircase to the Ecumenical Temple.
  6329 | Temple   | Entered the Ecumenical Temple
  6523 | Temple   | Became a worshipper of Gozag Ym Sagoz the Greedy
  6584 | D:7      | Noticed a troll
  6592 | D:7      | Killed a troll
  6593 | D:7      | Reached skill level 7 in Maces & Flails
  6593 | D:7      | Reached XP level 9. HP: 41/56 MP: 5/9
  6664 | D:7      | Noticed Prince Ribbit
  6723 | D:7      | Killed Prince Ribbit
  6800 | D:7      | Paralysed by an orc for 2 turns
  7108 | D:7      | Found a white marble altar of Elyvilon.
  7186 | D:8      | Noticed Amaemon
  7186 | D:8      | Noticed an orange demon
  7205 | D:7      | Reached skill level 8 in Maces & Flails
  7418 | D:7      | Killed Amaemon
  7632 | D:8      | Killed an orange demon
  7749 | D:8      | Found a basalt altar of Yredelemnul.
  7892 | D:8      | Noticed Maggie
  7903 | D:8      | Reached XP level 10. HP: 42/63 MP: 7/10
  7918 | D:8      | Killed Maggie
  7919 | D:8      | Reached skill level 9 in Maces & Flails
  8178 | D:8      | Noticed Maurice
  8179 | D:8      | Identified the +2 pair of gloves "Gyofer" {Harm *Corrode
                  | Will+++ Stlth+}
  8208 | D:8      | Killed Maurice
 10050 | D:9      | Reached skill level 10 in Maces & Flails
 10594 | D:9      | Identified the +1 robe of the Wild Haggis {rElec Will+
                  | Slay-5}
 10621 | D:9      | Found a staircase to the Orcish Mines.
 10758 | D:9      | Found Toxtoeru's Armour Boutique.
 10810 | D:9      | Found a staircase to the Lair.
 11106 | D:9      | Bought a +3 chain mail of fire resistance for 291 gold
                  | pieces
 11135 | D:10     | Entered Level 10 of the Dungeon
 11328 | D:10     | Noticed a two-headed ogre
 11331 | D:10     | Reached XP level 11. HP: 59/69 MP: 8/11
 11340 | D:9      | Killed a two-headed ogre
 11704 | D:10     | Reached skill level 11 in Maces & Flails
 11901 | D:10     | Found a snail-covered altar of Cheibriados.
 12033 | D:10     | Found the +7 Kryia's mail coat {PotionHeal*2 rC+}
 12162 | D:10     | Noticed a two-headed ogre
 12162 | D:10     | Noticed a two-headed ogre
 12162 | D:10     | Noticed bakla's ghost (novice DsAr)
 12164 | D:10     | Found a transporter.
 12164 | D:10     | Noticed a moth of wrath
 12166 | D:10     | Found a bloodstained altar of Trog.
 12182 | D:10     | Found a transporter.
 12191 | D:10     | Noticed a tengu warrior
 12438 | D:11     | Noticed a two-headed ogre
 12455 | D:11     | Killed a two-headed ogre
 12635 | D:11     | Found a transporter.
 12635 | D:11     | Found a transporter.
 12849 | D:11     | Found Neon's Book Boutique.
 12850 | D:11     | Found a transporter.
 12851 | D:11     | Found a transporter.
 13124 | D:11     | Found a transporter.
 13130 | D:11     | Found a transporter.
 13288 | D:11     | Found a portal to a secret trove of treasure.
 13464 | D:12     | Noticed a centaur warrior
 13475 | D:12     | Killed a centaur warrior
 13651 | D:12     | Reached skill level 12 in Maces & Flails
 13702 | D:12     | Killed from afar by a gargoyle

Illustrated notes

Levels and vault maps discovered:
D:1:      dpeg_arrival_ratfight, layout_basic
D:2:      layout_loops_ring, glass_columns_a, serial_park_tiny_1, uniq_robin
D:3:      layout_loops_ring, led_xom_imps, ebering_ecumenical_altar_ruins
D:4:      layout_loops_corners
D:5:      layout_loops_ring, nicolae_hepliaklqana_hazy_memory
D:6:      layout_basic, trog_three_pillars_becter
D:7:      layout_rooms, kennysheep_mini, temple_green,
          minmay_manual_mandibuliform, uniq_prince_ribbit1
D:8:      layout_loops_corners, lemuel_zombie_altar_yredelemnul, uniq_amaemon,
          uniq_maggie, uniq_maurice
D:9:      layout_irregular_city, lair_entry_dummy, orc_0_dummy, serial_shops,
          nicolae_shop_behind_doors
D:10:     layout_rooms, amcnicky_altar_gilded, gammafunk_ghost_wrathful_warriors
D:11:     layout_roguey, serial_shops, nicolae_shop_trees,
          nicolae_trove_entry_path_of_doom, minmay_stone_trees_small,
          serial_nicolae_subway, nicolae_sub_station_stone,
          nicolae_sub_station_crystal, nicolae_sub_station_metal
D:12:     layout_loops_ring, gauntlet_entry_generic
Temple:   compressed_dpeg_triangle_lava_temple

Skill      XL: |  1  2  3  4  5  6  7  8  9 10 11 |
---------------+----------------------------------+-----
Maces & Flails | 3 4 5 7 8 10 12 | 12.1
Fighting       | 4 5 6 7 8 9 |  9.9
Armour         | 4 5 6 7 8 9 |  9.9
Shields        | 4 5 6 7 8 9 |  9.9

Action                     |  1- 3 |  4- 6 |  7- 9 | 10-12 || total
---------------------------+-------+-------+-------+-------++-------
  Melee: Flail             |   114 |   231 |   365 |   471 ||  1181
    Use: Potion            |       |     5 |     4 |     7 ||    16
         Scroll            |       |       |    17 |     4 ||    21
   Stab: Distracted        |       |       |       |     1 ||     1
 Armour: Scale mail        |    63 |   171 |   349 |   181 ||   764
         Chain mail        |       |       |       |   309 ||   309
  Dodge: Dodged            |    70 |   134 |   237 |   292 ||   733
  Block: Buckler           |    32 |    75 |   120 |   145 ||   372
         Tower shield      |       |       |       |   170 ||   170

Table legend: (Time is in decaauts)
 A = Elapsed time spent in this place.
 B = Non-inter-level travel time spent in this place.
 C = Inter-level travel time spent in this place.
 D = Time resting spent in this place.
 E = Time spent auto-exploring this place.
 F = Levels seen in this place.
 G = Mean time per level.
                   A        B        C        D        E       F      G
               +--------+--------+--------+--------+--------+-----+--------+
         Total |  13844 |  13045 |    799 |   3384 |   7266 |  13 | 1064.9 |
       Dungeon |  13639 |  12877 |    762 |   3384 |   7108 |  12 | 1136.6 |
        Temple |    204 |    167 |     37 |      0 |    158 |   1 |  204.0 |
               +--------+--------+--------+--------+--------+-----+--------+

Top non-repeatable levels by time:
     D:9: 2210 daAuts
     D:8: 1831 daAuts
     D:7: 1316 daAuts
     D:4: 1218 daAuts
     D:3: 1208 daAuts
     D:1: 1173 daAuts
     D:5: 1049 daAuts
    D:11: 1021 daAuts
     D:2: 806 daAuts
     D:6: 749 daAuts
    D:10: 687 daAuts
    D:12: 366 daAuts
  Temple: 204 daAuts
